 Dungeon Crawl Stone Soup version 0.31.0-11-ge490571c62 (webtiles) character file.

Game seed: 15140334791165533696

31 qw the Shooter (level 3, 0/18 HPs)
             Began as a Spriggan Hunter on Feb 3, 2024.
             Succumbed to their own poison gas
             ... on level 2 of the Dungeon.
             The game lasted 00:00:02 (570 turns).

qw the Shooter (Spriggan Hunter)                     Turns: 570, Time: 00:00:02

Health: 0/18       AC:  2    Str:  7    XL:     3   Next: 7%
Magic:  4/4        EV: 19    Int: 10    God:
Gold:   35         SH:  0    Dex: 20    Spells: 2/2 levels left

rFire   . . .        a - +0 shortbow
rCold   . . .        (shield currently unavailable)
rNeg    . . .        c - +0 robe
rPois   .            (helmet restricted)
rElec   .            (no cloak)
rCorr   .            (gloves unavailable)
SInv    +            (boots unavailable)
Will    .....        (no amulet)
Stlth   ++           (no ring)
HPRegen 0.23/turn    (no ring)
MPRegen 0.09/turn

%: no passive effects
@: lethally poisoned (0 -> -8), very quick
A: very small, no large weapons, unfitting armour, see invisible, speed 3
a: no special abilities


You were on level 2 of the Dungeon.
You visited 1 branch of the dungeon, and saw 2 of its levels.

You collected 35 gold pieces.


Innate Abilities, Weirdness & Mutations

You are very small and have problems with some larger weapons.
You are too small for most types of armour.
You have supernaturally acute eyesight. (SInv)
You cover ground extremely quickly. (Speed+++)


   Skills:
 - Level 1.5 Fighting
 + Level 4.4 Ranged Weapons
 - Level 4.0 Dodging
 - Level 1.5 Stealth


You had 2 spell levels left.
You didn't know any spells.
Your spell library was empty.

Inventory:

Hand Weapons
 a - a +0 shortbow (weapon)
Armour
 c - a +0 robe (worn)

Dungeon Overview and Level Annotations

Branches:
Dungeon (2/15)

Altars:


Message History

It is a scroll of identify.
558 ||| IDENTIFYING coppery potion;
e - a potion of degeneration
559 ||| READING scroll labelled ZEUGAAS TIKH.
The air fills with toxic fumes!
As you read the scroll labelled ZEUGAAS TIKH, it crumbles to dust.
It was a scroll of poison.
560 ||| DRINKING 2 lumpy clear potions.
It was a potion of curing.
You feel better.
561 ||| DROPPING scroll of butterflies.
You drop a scroll of butterflies.
562 ||| DROPPING potion of degeneration.
You drop a potion of degeneration.
What level of the Dungeon? (default 1, ? - help) Sorry, I don't know how to get there.
563 ||| Stepping randomly (stuck).
You are engulfed in poison gas.
You are lethally poisoned!
You feel very sick.
You see here a hobgoblin corpse.
564 ||| Stepping ~*~*~tactically~*~*~ (cloud).
You feel very sick.
Things that are here:
a potion of degeneration; a scroll of butterflies
565 ||| DRINKING potion of curing.
You feel better.
565 ||| (to cure poison)
What level of the Dungeon? (default 1, ? - help) Sorry, I don't know how to get there.
566 ||| Stepping randomly (stuck).
You are engulfed in poison gas.
You are lethally poisoned!
You feel very sick.
567 ||| Stepping ~*~*~tactically~*~*~ (cloud).
You feel very sick.
Things that are here:
a potion of degeneration; a scroll of butterflies
There is a lethal amount of poison in your body!
You feel very sick.
There is a lethal amount of poison in your body!
You feel very sick.
There is a lethal amount of poison in your body!
You die...

...#.#
#....
...#.#
#.##.
##¤¤#0## #.
## ..
000...
#.###
#.###¤0...
#....
##...00¤#.#
#####
.....!00#.#
# #¤#.#.#
##0@¤0¤##
#¤¤0¤¤00#
#00¤¤¤00#
#¤¤0¤¤00#
#0¤¤00¤¤#
#0000¤¤¤#
#00¤¤00¤#
#.......#
#########


There were no monsters in sight!

Vanquished Creatures
  3 dart slugs
  3 endoplasms
  A giant cockroach (D:1)
  2 goblins (D:1)
  5 hobgoblins
  A quokka (D:2)
  2 ball pythons (D:2)
  3 bats (D:1)
  2 kobolds
22 creatures vanquished.

Notes
Turn   | Place    | Note
-------+----------+-------------------------------------------
     0 | D:1      | qw the Spriggan Hunter began the quest for the Orb.
     0 | D:1      | Reached XP level 1. HP: 10/10 MP: 2/2
     0 | D:1      | 0 ||| qw: Version: 0.3-a-157-g843a77d
     0 | D:1      | 0 ||| qw: Game counter: 3556
     0 | D:1      | 0 ||| qw: Melee chars always use a shield: true
     0 | D:1      | 0 ||| qw: God list: Okawaru
     0 | D:1      | 0 ||| qw: Allow faded altars: false
     0 | D:1      | 0 ||| qw: Do Orc after clearing Dungeon:15 true
     0 | D:1      | 0 ||| qw: Do second Lair branch before Depths: true
     0 | D:1      | 0 ||| qw: Lair rune preference: random
     0 | D:1      | 0 ||| qw: Goals: Normal
     0 | D:1      | 0 ||| PLANNING D:1-11
    80 | D:1      | Reached skill level 3 in Dodging
   135 | D:1      | Reached XP level 2. HP: 14/14 MP: 3/3
   501 | D:1      | You fall into a shaft and drop 1 floor!
   543 | D:2      | 543 ||| READING scroll labelled ZUOL XUMMU.
   550 | D:2      | Reached XP level 3. HP: 18/18 MP: 4/4
   558 | D:2      | 558 ||| READING scroll labelled QOORGH UVERGH.
   558 | D:2      | 558 ||| IDENTIFYING coppery potion
   559 | D:2      | 559 ||| READING scroll labelled ZEUGAAS TIKH.
   560 | D:2      | 560 ||| DRINKING 2 lumpy clear potions.
   561 | D:2      | 561 ||| DROPPING scroll of butterflies.
   562 | D:2      | 562 ||| DROPPING potion of degeneration.
   563 | D:2      | 563 ||| Stepping randomly (stuck).
   564 | D:2      | 564 ||| Stepping ~*~*~tactically~*~*~ (cloud).
   565 | D:2      | 565 ||| DRINKING potion of curing.
   565 | D:2      | 565 ||| (to cure poison)
   566 | D:2      | 566 ||| Stepping randomly (stuck).
   567 | D:2      | 567 ||| Stepping ~*~*~tactically~*~*~ (cloud).
   569 | D:2      | HP: 2/18 [poisoned by you (poison gas)]
   570 | D:2      | Succumbed to their own poison gas

Levels and vault maps discovered:
D:1:      saegor_arrival_simple_c, layout_loops_corners,
          shapermc_ecumenical_altar_hornbeckon
D:2:      wander_river, layout_loops_cross, uniq_jessica

Skill      XL: |  1  2 |
---------------+-------+-----
Dodging        | 3 4 |  4.0
Fighting       | |  1.5
Ranged Weapons | |  4.4
Stealth        | |  1.5

Action                     || total
---------------------------++-------
   Fire: Shortbow          ||    50
    Use: Scroll            ||     3
         Potion            ||     2
 Armour: Robe              ||     2
  Dodge: Dodged            ||    10

Table legend:
 A = Non-vault XP
 B = Vault XP
 C = Vault XP percentage of total XP
 D = Non-vault monster count
 E = Vault monster count
 F = Vault count percentage of total count
                 A         B        C        D         E       F
            +---------+---------+-------+---------+---------+-------
      Total |      45 |       0 |   0.0 |      22 |       0 |   0.0
            +---------+---------+-------+---------+---------+-------
        D:1 |      30 |       0 |   0.0 |      15 |       0 |   0.0
        D:2 |      15 |       0 |   0.0 |       7 |       0 |   0.0
            +---------+---------+-------+---------+---------+-------
